 Dungeon Crawl Stone Soup version 0.31-a0-214-gb37851dbb3 (webtiles) character file.

Game seed: 15385220203728026211

855 qw the Skirmisher (level 7, -8/61 HPs)
             Began as a Minotaur Hexslinger on July 1, 2023.
             Mangled by an ogre
             ... wielding a +0 giant club
              (15 damage)
             ... on level 5 of the Dungeon.
             The game lasted 00:01:25 (3547 turns).

qw the Skirmisher (Minotaur Hexslinger)             Turns: 3547, Time: 00:01:25

Health: -8/61      AC:  5    Str: 12    XL:     7   Next: 70%
Magic:  7/7        EV: 18    Int: 10    God:
Gold:   167        SH:  0    Dex: 15    Spells: 7/8 levels left

rFire   . . .        Y - +0 shortbow
rCold   . . .        (shield currently unavailable)
rNeg    . . .        f - +2 robe {Will+}
rPois   .            (helmet restricted)
rElec   .            b - +0 cloak
rCorr   .            (no gloves)
SInv    .            (no boots)
Will    +....        (no amulet)
Stlth   +            j - +5 ring of evasion
HPRegen 0.30/turn    (no ring)
MPRegen 0.10/turn

%: no passive effects
@: about to teleport
A: horns 2, retaliatory headbutt
a: no special abilities


You were on level 5 of the Dungeon.
You visited 2 branches of the dungeon, and saw 6 of its levels.

You collected 288 gold pieces.
You spent 121 gold pieces at shops.


Innate Abilities, Weirdness & Mutations

You have a pair of horns on your head.
You reflexively headbutt those who attack you in melee.


   Skills:
 - Level 5.0 Fighting
 + Level 8.3 Ranged Weapons
 - Level 1.0 Armour
 - Level 3.0 Dodging
 - Level 1.0 Spellcasting
 - Level 2.0 Hexes


You had 7 spell levels left.
You knew the following spells:

 Your Spells              Type           Power      Damage    Failure   Level
a - Slow                  Hex            16%        N/A       16%         1

Your spell library contained the following spells:

 Spells                   Type           Power      Damage    Failure   Level
 Inner Flame              Hex/Fire       2%         N/A       56%         3
 Portal Projectile        Hex/Tloc       4%         N/A       56%         3
 Cause Fear               Hex            2%         N/A       83%         4

Inventory:

Hand Weapons
 Y - a +0 shortbow (weapon)
Armour
 b - a +0 cloak (worn)
 f - a +2 robe of willpower (worn)
Jewellery
 j - a +5 ring of evasion (left hand)
Scrolls
 i - a scroll of identify
Potions
 a - a potion of haste
 e - a potion of might
 g - a potion of enlightenment
 h - a potion of cancellation

Dungeon Overview and Level Annotations

Branches:
Dungeon (5/15)             Temple (1/1) D:4

Altars:
Dithmenos
Elyvilon
Fedhas
Gozag
Hepliaklqana
Kikubaaqudgha
Makhleb
Nemelex Xobeh
Qazlal
Ru
Trog
Uskayaw
Vehumet
Wu Jian
Xom
Yredelemnul

Shops:
D:3 ?   D:4 (

Annotations:
D:3 1 runed translucent door, Crazy Yiuf
D:5 Pikel


Message History

The gnoll shouts!
The gnoll closely misses you. The gnoll completely misses you.
You shoot an arrow. The arrow barely misses the gnoll.
The arrow misses the adder.
An ogre comes into view. It is wielding a +0 giant club.
The gnoll completely misses you. The gnoll closely misses you.
You shoot an arrow. The arrow barely misses the gnoll.
The adder completely misses you. The gnoll closely misses you.
The gnoll barely misses you.
You shoot an arrow. The arrow hits the gnoll.
The gnoll is lightly wounded.
The adder bites you but does no damage. The adder closely misses you.
You furiously retaliate!
You headbutt the adder, but do no damage.
The gnoll barely misses you. The gnoll completely misses you.
The gnoll closely misses you.
You shoot an arrow. The arrow hits the gnoll.
The gnoll is severely wounded.
The adder closely misses you. You furiously retaliate!
You headbutt the adder. The gnoll barely misses you.
The gnoll hits you with a +0 club. The gnoll closely misses you.
You furiously retaliate!
You headbutt the gnoll!
You kill the gnoll!
You shoot an arrow. The arrow barely misses the adder.
The adder bites you but does no damage. The gnoll hits you with a +0 club.
The gnoll completely misses you.
3545 ||| READING scroll of teleportation.
As you read the scroll of teleportation, it crumbles to dust.
You feel strangely unstable. The adder misses you. The gnoll misses you.
You furiously retaliate!
You headbutt the gnoll.
The gnoll hits you from afar with a +0 halberd.
You shoot an arrow. The arrow hits the adder.
The adder is severely wounded.
The adder closely misses you. The adder barely misses you.
The gnoll hits you with a +0 club. The gnoll closely misses you.
You shoot an arrow. The arrow closely misses the adder.
The adder closely misses you. You furiously retaliate!
You headbutt the adder.
You kill the adder!
The gnoll misses you. x2; The ogre hits you with a +0 giant club!
You die...

# ####.###
#g@)...#
#...O.....#
#....g......#
#...........#
#..#.......##
#.####.....#
.. #...## ##
..##


You could see an ogre and 2 gnolls.

Vanquished Creatures
  Sigmund (D:4)
  Pargi (D:4)
  A lemure (D:5)
  A phantom (D:5)
  3 scorpions
  4 crimson imps (D:4)
  A jelly (D:4)
  Jessica (D:3)
  An orc wizard (D:3)
  A gnoll (D:5)
  7 adders
  2 ufetubi (D:5)
  A worm (D:3)
  2 dart slugs
  4 orcs
  6 endoplasms
  A giant cockroach (D:1)
  3 goblins
  12 hobgoblins
  7 kobolds
  2 quokkas
  10 ball pythons
  5 bats
  A frilled lizard (D:1)
  5 rats
83 creatures vanquished.

Notes
Turn   | Place    | Note
-------+----------+-------------------------------------------
     0 | D:1      | qw the Minotaur Hexslinger began the quest for the Orb.
     0 | D:1      | Reached XP level 1. HP: 16/16 MP: 1/1
     0 | D:1      | 0 ||| qw: Version: 0.3-a-32-g5962c71
     0 | D:1      | 0 ||| qw: Game counter: 7544
     0 | D:1      | 0 ||| qw: Melee chars always use a shield: true
     0 | D:1      | 0 ||| qw: God list: Okawaru
     0 | D:1      | 0 ||| qw: Allow faded altars: false
     0 | D:1      | 0 ||| qw: Do Orc after clearing Dungeon:15 true
     0 | D:1      | 0 ||| qw: Do second Lair branch before Depths: true
     0 | D:1      | 0 ||| qw: Lair rune preference: random
     0 | D:1      | 0 ||| qw: Goals: Normal
     0 | D:1      | 0 ||| PLANNING D:1-11
    85 | D:1      | Reached skill level 3 in Ranged Weapons
    85 | D:1      | Reached XP level 2. HP: 23/23 MP: 2/2
   670 | D:1      | 670 ||| UPGRADING to +5 ring of evasion.
   671 | D:1      | 671 ||| READING scroll labelled ESSAORCHITZ.
   672 | D:1      | 672 ||| READING scroll labelled OTOTOK DUIT.
   677 | D:1      | 677 ||| READING scroll labelled WUHOIT POKHLA.
   678 | D:1      | 678 ||| READING scroll labelled JUETIPS IQ SYR.
   679 | D:1      | 679 ||| READING scroll labelled WOIROT PUNEN.
   680 | D:1      | 680 ||| READING scroll labelled ASUOLU UWASYTONY.
   681 | D:1      | 681 ||| DROPPING scroll of poison.
   858 | D:2      | 858 ||| READING scroll of enchant weapon.
   858 | D:2      | 858 ||| ENCHANTING +2 sling.
   956 | D:2      | Reached XP level 3. HP: 28/28 MP: 3/3
  1119 | D:2      | Reached skill level 4 in Ranged Weapons
  1190 | D:2      | 1190 ||| UPGRADING to +0 ring mail.
  1200 | D:2      | 1200 ||| UPGRADING to +0 cloak.
  1205 | D:2      | 1205 ||| DROPPING +0 robe.
  1206 | D:2      | 1206 ||| DRINKING 2 dark potions.
  1324 | D:3      | Found a runed translucent door.
  1325 | D:3      | Noticed Crazy Yiuf
  1400 | D:3      | Found a hide-covered altar of Uskayaw.
  1428 | D:3      | Reached skill level 1 in Armour
  1506 | D:3      | Reached XP level 4. HP: 35/36 MP: 4/4
  1615 | D:3      | Noticed Jessica
  1618 | D:3      | Killed Jessica
  1709 | D:3      | Found Girycsede's Magic Scroll Shoppe.
  1712 | D:3      | 1712 ||| BUYING scroll of identify (22 gold).
  1712 | D:3      | Bought a scroll of identify for 22 gold pieces
  1712 | D:3      | 1712 ||| BUYING scroll of identify (22 gold).
  1712 | D:3      | Bought a scroll of identify for 22 gold pieces
  1712 | D:3      | 1712 ||| BUYING scroll of identify (22 gold).
  1712 | D:3      | Bought a scroll of identify for 22 gold pieces
  1712 | D:3      | 1712 ||| BUYING scroll of identify (22 gold).
  1712 | D:3      | Bought a scroll of identify for 22 gold pieces
  1712 | D:3      | 1712 ||| BUYING scroll of teleportation (33 gold).
  1712 | D:3      | Bought a scroll of teleportation for 33 gold pieces
  1712 | D:3      | 1712 ||| SHOPLISTING scroll of teleportation (33 gold, have
                  | 14).
  1787 | D:3      | Noticed a scorpion
  1799 | D:3      | Killed a scorpion
  1800 | D:3      | Reached skill level 5 in Ranged Weapons
  1800 | D:3      | Reached XP level 5. HP: 37/41 MP: 5/5
  1857 | D:3      | 1857 ||| SWAPPING to +0 shortbow.
  1971 | D:3      | 1971 ||| DROPPING +3 sling.
  2261 | D:3      | 2261 ||| UPGRADING to +2 robe of willpower.
  2271 | D:3      | 2271 ||| DROPPING +0 ring mail.
  2272 | D:3      | 2272 ||| READING scroll labelled JET JO AVOUROD.
  2273 | D:3      | 2273 ||| READING 4 scrolls of identify.
  2273 | D:3      | 2273 ||| IDENTIFYING metallic sapphire potion
  2274 | D:3      | 2274 ||| READING 3 scrolls of identify.
  2274 | D:3      | 2274 ||| IDENTIFYING murky yellow potion
  2275 | D:3      | 2275 ||| READING 2 scrolls of identify.
  2275 | D:3      | 2275 ||| IDENTIFYING pink potion
  2276 | D:3      | 2276 ||| DROPPING potion of invisibility.
  2306 | D:4      | Reached skill level 3 in Fighting
  2353 | D:4      | Reached skill level 6 in Ranged Weapons
  2392 | D:4      | Found Afourphe's Antique Weapon Shoppe.
  2401 | D:4      | 2401 ||| SHOPLISTING glowing orcbow (162 gold, have 82).
  2401 | D:4      | 2401 ||| SHOPLISTING longbow (162 gold, have 82).
  2458 | D:4      | Noticed Sigmund
  2472 | D:4      | Killed Sigmund
  2473 | D:4      | Reached XP level 6. HP: 52/56 MP: 6/6
  2670 | D:4      | Noticed Pargi
  2686 | D:4      | Killed Pargi
  2775 | D:4      | Found a shimmering altar of Xom.
  2789 | D:4      | Reached XP level 7. HP: 61/61 MP: 7/7
  2795 | D:4      | Reached skill level 7 in Ranged Weapons
  2880 | D:4      | Found a staircase to the Ecumenical Temple.
  2881 | D:4      | 2881 ||| PLANNING TEMPLE
  2881 | D:4      | 2881 ||| READING scroll labelled IXEGRO OWKE.
  2882 | D:4      | 2882 ||| READING 2 scrolls of identify.
  2882 | D:4      | 2882 ||| IDENTIFYING silvery potion
  2891 | Temple   | Entered the Ecumenical Temple
  2948 | Temple   | 2948 ||| PLANNING D:1-11
  3078 | D:5      | Entered Level 5 of the Dungeon
  3333 | D:5      | Reached skill level 8 in Ranged Weapons
  3348 | D:5      | Reached skill level 3 in Dodging
  3501 | D:5      | Noticed Pikel
  3526 | D:5      | 3526 ||| Stepping ~*~*~tactically~*~*~ (outnumbered).
  3532 | D:5      | HP: 15/61 [lemure[Pikel] (4)]
  3533 | D:5      | 3533 ||| READING 2 scrolls of teleportation.
  3534 | D:5      | 3534 ||| DRINKING potion of heal wounds.
  3544 | D:5      | HP: 15/61 [gnoll/+0 club (1)]
  3545 | D:5      | 3545 ||| READING scroll of teleportation.
  3546 | D:5      | HP: 7/61 [gnoll/+0 club (3)]
  3547 | D:5      | Mangled by an ogre

Levels and vault maps discovered:
D:1:      wander_arrival_estate, layout_loops_ring, st_stairs_5,
          minmay_misc_feat_doors
D:2:      layout_rooms, dreamdust_princess_bridge
D:3:      layout_loops_corners, mainiacjoe_overflow_surrounded_room,
          serial_shops, nicolae_shop_rolled_up, uniq_jessica,
          uniq_crazy_yiuf_cottage
D:4:      layout_rooms, led_xom_imps, minmay_temple_entry_poolview,
          serial_forest, infiniplex_forest_straight_3,
          infiniplex_forest_zigzag_1, infiniplex_forest_3_way,
          infiniplex_forest_clump_long, infiniplex_forest_lined_4_way,
          infiniplex_forest_straight_4, infiniplex_forest_clump_diagonal,
          serial_shops, shop, uniq_sigmund, uniq_pargi
D:5:      layout_cave_pods, uniq_pikel
Temple:   eino_temple_lava

Skill      XL: |  1  2  3  4  5  6  7 |
---------------+----------------------+-----
Ranged Weapons | 3 4 5 6 8 |  8.3
Fighting       | 2 5 |  5.0
Armour         | 1 |  1.0
Dodging        | 3 |  3.0
Spellcasting   | |  1.0
Hexes          | |  2.0

Action                     |  1- 3 |  4- 6 |  7- 9 || total
---------------------------+-------+-------+-------++-------
   Fire: Sling             |    89 |    27 |       ||   116
         Shortbow          |       |    91 |   126 ||   217
    Use: Scroll            |     7 |     4 |     4 ||    15
         Potion            |     1 |       |     1 ||     2
 Armour: Robe              |     1 |     8 |    12 ||    21
         Ring mail         |     4 |     3 |       ||     7
  Dodge: Dodged            |    20 |    62 |    79 ||   161

Table legend:
 A = Non-vault XP
 B = Vault XP
 C = Vault XP percentage of total XP
 D = Non-vault monster count
 E = Vault monster count
 F = Vault count percentage of total count
                 A         B        C        D         E       F
            +---------+---------+-------+---------+---------+-------
      Total |     657 |     578 |  46.8 |      72 |      10 |  12.2
            +---------+---------+-------+---------+---------+-------
        D:1 |      29 |       5 |  14.7 |      17 |       3 |  15.0
        D:2 |      38 |       0 |   0.0 |      11 |       0 |   0.0
        D:3 |     173 |      37 |  17.6 |      23 |       1 |   4.2
        D:4 |      76 |     536 |  87.6 |      12 |       6 |  33.3
        D:5 |     341 |       0 |   0.0 |       9 |       0 |   0.0
            +---------+---------+-------+---------+---------+-------
